 Dungeon Crawl Stone Soup version 0.29-a0-384-g6960b1960d (webtiles) character file.

Game seed: 13907118234289668849

1143 ytrimaz the Poker (level 8, -4/83 HPs)
             Began as an Ogre Gladiator on May 6, 2022.
             Was an Initiate of Yredelemnul.
             Slain by an iguana (12 damage)
             ... on level 5 of the Dungeon.
             The game lasted 00:06:00 (3992 turns).

ytrimaz the Poker (Ogre Gladiator)                  Turns: 3992, Time: 00:06:01

Health: -4/83      AC:  5    Str: 21    XL:     8   Next: 37%
Magic:  9/9        EV: 12    Int:  9    God:    Yredelemnul [......]
Gold:   188        SH:  4    Dex: 18    Spells: 7/7 levels left

rFire   . . .      SeeInvis +   g - +0 scythe
rCold   . . .      Faith    .   (shield currently unavailable)
rNeg    . . .      Spirit   .   r - +2 robe of Minor Irritation {*Slow rPois Regen+ Dex+6}
rPois   +          Reflect  .   c - +0 hat
rElec   .          Harm     .   (no cloak)
rCorr   .          Rampage  .   (gloves unavailable)
Will    +....                   (boots unavailable)
Stlth   +++.......              (no amulet)
HPRegen 1.03/turn               f - ring of Jywoc {Will+ SInv Stlth+}
MPRegen 0.11/turn               (no ring)

@: no status effects
A: large, unfitting armour, tough skin 1, large bone plates 1, agile 1
a: Renounce Religion, Recall Undead Harvest


You were on level 5 of the Dungeon.
You worshipped Yredelemnul.
Yredelemnul was noncommittal.
You visited 1 branch of the dungeon, and saw 5 of its levels.

You collected 188 gold pieces.

Inventory:

Hand Weapons
 a - a +0 trident
 g - a +0 scythe (weapon)
Missiles
 d - 3 throwing nets
 e - a large rock
Armour
 c - a +0 hat (worn)
 r - the +2 robe of Minor Irritation (worn) {*Slow rPois Regen+ Dex+6}
   (You found it on level 2 of the Dungeon)

   Dex:       It affects your dexterity (+6).
   rPois:     It protects you from poison.
   Regen:     It increases your rate of health regeneration.
   *Slow:     It may slow you when you take damage.
Jewellery
 f - the ring of Jywoc (left hand) {Will+ SInv Stlth+}
   (You found it on level 4 of the Dungeon)

   [ring of see invisible]

   SInv:      It lets you see invisible.
   Will:      It increases your willpower.
   Stlth:     It makes you more stealthy.
 h - a ring of poison resistance
 s - a ring of fire
Wands
 b - a wand of digging (12)
 j - a wand of flame (2) (quivered)
Scrolls
 l - a scroll of silence
 t - a scroll of enchant armour {unknown}
Potions
 i - a potion of brilliance {unknown}
 k - 2 potions of curing
 m - 2 potions of mutation
 p - 2 potions of berserk rage {unknown}
 q - 2 potions of attraction {unknown}


   Skills:
 + Level 6.0 Fighting
 + Level 7.7 Polearms
 - Level 2.1 Throwing
 + Level 4.9 Dodging
 + Level 0.2 Shields
 * Level 1.6 Invocations
 - Level 0.1 Evocations


You had 7 spell levels left.
You didn't know any spells.
Your spell library contained the following spells:

 Spells                   Type           Power      Damage    Failure   Level
 Ignite Poison            Fire/Tmut/Pois 0%         N/A       77%         3
 Mephitic Cloud           Conj/Pois/Air  0%         N/A       77%         3
 Freezing Cloud           Conj/Ice/Air   0%         6-21      100%        5


Dungeon Overview and Level Annotations

Branches:
Dungeon (5/15)
 Temple: D:4-7

Altars:
Ashenzari
Dithmenos
Yredelemnul


Innate Abilities, Weirdness & Mutations

You are too large for most types of armour.
You have tough skin. (AC +1)
You are partially covered in large bone plates. (SH +4)
You are agile. (Dex +2)


Message History

The iguana is severely wounded.
The iguana bites you! The iguana closely misses you.
The iguana bites you but does no damage.
You block the iguana's attack.
Unknown command.
The iguana bites you! The iguana attacks as you move away!
You block the iguana's attack.
You hit the iguana.
The iguana is almost dead.
The iguana bites you!
You are too injured to fight recklessly!
You hit the iguana.
The iguana is almost dead.
The iguana barely misses you. The iguana closely misses you.
You are too injured to fight recklessly!
You slash the iguana!
You kill the iguana!
Your Fighting skill increases to level 6!
Unknown command.
You slash the iguana!
You kill the iguana!
You block the iguana's attack.
You are too injured to fight recklessly!
You closely miss the iguana. The iguana barely misses you.
The iguana bites you.
You are too injured to fight recklessly!
You barely miss the iguana. The iguana bites you!
You hit the iguana but do no damage. The iguana barely misses you.
The iguana bites you.
You slash the iguana!
The iguana is heavily wounded.
The iguana bites you!
* * * LOW HITPOINT WARNING * * *
You closely miss the iguana.
The iguana is heavily wounded.
The iguana bites you!
* * * LOW HITPOINT WARNING * * *
The iguana bites you!
You die...
Your body rises from the dead as a mindless zombie.

....!.. ...
#....##....
#.l.....l.. #....#
#####.# ####.....#
#^).....##
#.##.##l# ###
#.##.##@####.# ..#
#............# #.#
#..###..######
#.###.####.......#
..............#.##
#.###.#..>....#.#
#.# #.###...#.#
..# #.###.....#
#######.#....#.##


You could see an iguana.

Vanquished Creatures
  Grinder (D:3)
  Sigmund (D:4)
  An ice beast (D:3)
  An ogre (D:4)
  A black bear (D:5)
  A centaur (D:5)
  2 orc priests (D:4)
  A hound (D:4)
  Jessica (D:2)
  4 iguanas
  Terence (D:2)
  3 orc wizards (D:4)
  Robin (D:3)
  4 adders
  A worm (D:3)
  2 dart slugs
  8 orcs
  8 bats
  5 endoplasms
  4 giant cockroaches
  16 goblins
  8 hobgoblins
  3 jackals
  4 kobolds (D:1)
  A quokka (D:3)
  3 ball pythons
  4 frilled lizards
  4 rats
94 creatures vanquished.

Vanquished Creatures (collateral kills)
  An orc (D:4)
  A hobgoblin (D:3)
  A jackal (D:4)
  A frilled lizard (D:3)
4 creatures vanquished.

Vanquished Creatures (others)
  An iguana zombie (D:5)
  A bat zombie (D:3)
  A ball python zombie (D:3)
  A dart slug zombie (D:4)
  2 giant cockroach zombies
  5 goblin zombies
  2 jackal zombies (D:4)
  5 orc zombies
18 creatures vanquished.

Grand Total: 116 creatures vanquished

Notes
Turn   | Place    | Note
-------+----------+-------------------------------------------
     0 | D:1      | ytrimaz the Ogre Gladiator began the quest for the Orb.
     0 | D:1      | Reached XP level 1. HP: 22/22 MP: 1/1
   386 | D:1      | Reached XP level 2. HP: 21/29 MP: 2/2
   491 | D:1      | Found a faded altar of an unknown god.
   771 | D:1      | Reached XP level 3. HP: 22/36 MP: 3/3
  1186 | D:2      | Noticed Jessica
  1195 | D:2      | Killed Jessica
  1196 | D:2      | Reached skill level 4 in Polearms
  1196 | D:2      | Reached XP level 4. HP: 35/45 MP: 4/4
  1643 | D:2      | Identified the +2 robe of Minor Irritation {*Slow rPois
                  | Regen+ Dex+6}
  1865 | D:2      | Found a basalt altar of Yredelemnul.
  1865 | D:2      | Noticed Terence
  1882 | D:2      | Killed Terence
  1907 | D:2      | Became a worshipper of Yredelemnul the Dark
  2173 | D:3      | Reached * piety under Yredelemnul
  2220 | D:3      | Noticed Robin
  2246 | D:3      | Killed Robin
  2247 | D:3      | Reached XP level 5. HP: 38/53 MP: 5/5
  2621 | D:3      | Noticed Grinder
  2648 | D:3      | Paralysed by something for 2 turns
  2654 | D:3      | Killed Grinder
  2655 | D:3      | Reached skill level 5 in Polearms
  2655 | D:3      | Reached XP level 6. HP: 16/63 MP: 6/6
  2762 | D:3      | Found a broken altar of Ashenzari.
  2970 | D:3      | Noticed an ice beast
  2982 | D:3      | Killed an ice beast
  2983 | D:3      | Reached skill level 6 in Polearms
  3073 | D:4      | Reached skill level 5 in Fighting
  3073 | D:4      | Reached XP level 7. HP: 17/72 MP: 7/7
  3176 | D:4      | Identified the ring of Jywoc {Will+ SInv Stlth+}
  3183 | D:4      | Noticed Sigmund
  3192 | D:4      | Killed Sigmund
  3354 | D:4      | Found a shadowy altar of Dithmenos.
  3467 | D:4      | Reached skill level 7 in Polearms
  3502 | D:4      | Reached ** piety under Yredelemnul
  3520 | D:4      | Gained mutation: You are partially covered in large bone
                  | plates. (SH +4) [potion of mutation]
  3520 | D:4      | Gained mutation: You are agile. (Dex +2) [potion of
                  | mutation]
  3536 | D:4      | Reached XP level 8. HP: 37/83 MP: 8/8
  3861 | D:5      | Entered Level 5 of the Dungeon
  3937 | D:5      | Reached skill level 1 in Invocations
  3992 | D:5      | Slain by an iguana

Illustrated notes

Levels and vault maps discovered:
D:1:      minmay_arrival_semitransparent, layout_loops_cross,
          basic_ecumenical_altar, minmay_quantized
D:2:      layout_basic, basic_altar, uniq_jessica, uniq_terence
D:3:      layout_loops_corners, mainiacjoe_overflow_boulevard,
          nicolae_figureground_pulse, uniq_grinder, uniq_robin
D:4:      nicolae_cairo_tiling_large_dashed, layout_basic,
          overflow_temple_1_default, uniq_sigmund
D:5:      layout_loops_cross, cheibrodos_sewer_entry_bend

Skill      XL: |  1  2  3  4  5  6  7  8 |
---------------+-------------------------+-----
Dodging        | 3 4 |  4.9
Fighting       | 3 4 5 6 |  6.0
Polearms       | 4 5 6 7 |  7.7
Invocations    | 1 |  1.6
Throwing       | |  2.1
Shields        | |  0.2
Evocations     | |  0.1

Action                   |  1- 3 |  4- 6 |  7- 9 || total
-------------------------+-------+-------+-------++-------
Melee: Trident           |    88 |   130 |     8 ||   226
       Punch             |     1 |       |       ||     1
       Scythe            |       |       |    81 ||    81
Evoke: Wand              |       |       |    10 ||    10
  Use: Scroll            |       |     5 |     1 ||     6
       Potion            |       |     5 |     5 ||    10
 Stab: Sleeping          |     1 |     1 |     3 ||     5
       Distracted        |       |     1 |     1 ||     2
Armor: Robe              |    23 |    33 |    32 ||    88
       Skin              |       |    11 |    59 ||    70
Dodge: Dodged            |    47 |    44 |    76 ||   167
Block: Other             |       |       |    15 ||    15

Table legend: (Time is in decaauts)
 A = Elapsed time spent in this place.
 B = Non-inter-level travel time spent in this place.
 C = Inter-level travel time spent in this place.
 D = Time resting spent in this place.
 E = Time spent auto-exploring this place.
 F = Levels seen in this place.
 G = Mean time per level.
                   A        B        C        D        E       F      G
               +--------+--------+--------+--------+--------+-----+--------+
         Total |   4068 |   4001 |     67 |    103 |   3053 |   5 |  813.6 |
       Dungeon |   4068 |   4001 |     67 |    103 |   3053 |   5 |  813.6 |
               +--------+--------+--------+--------+--------+-----+--------+

Top non-repeatable levels by time:
     D:1: 1186 daAuts
     D:3: 948 daAuts
     D:2: 922 daAuts
     D:4: 862 daAuts
     D:5: 148 daAuts
